 Dungeon Crawl Stone Soup version 0.30-a0-622-gddc90eaa04 (webtiles) character file.

Game seed: 13277273821874522160

99 Leeroy the Slasher (level 4, -2/35 HPs)
             Began as a Merfolk Gladiator on Jan 10, 2023.
             Killed from afar by Ijyb (21 damage)
             ... with a bolt of dispelling energy
             ... on level 3 of the Dungeon.
             The game lasted 00:02:32 (2125 turns).

Leeroy the Slasher (Merfolk Gladiator)              Turns: 2125, Time: 00:02:32

Health: -2/35      AC:  4    Str: 14    XL:     4   Next: 72%
Magic:  4/4        EV: 13    Int:  7    God:
Gold:   116        SH:  0    Dex: 17    Spells: 3/3 levels left

rFire   . . .      SeeInvis .    a - +0 long sword
rCold   . . .      Faith    .    (no shield)
rNeg    . . .      Spirit   .    b - +0 leather armour
rPois   .          Reflect  .    c - +0 helmet
rElec   .          Harm     .    (no cloak)
rCorr   .          Rampage  .    (no gloves)
Will    .....                    (no boots)
Stlth   ++                       (no amulet)
HPRegen 0.25/turn                (no ring)
MPRegen 0.09/turn                (no ring)

@: no status effects
A: (nimble swimmer 2), mertail
a: no special abilities


You were on level 3 of the Dungeon.
You visited 1 branch of the dungeon, and saw 3 of its levels.

You collected 116 gold pieces.

Inventory:

Hand Weapons
 a - a +0 long sword (weapon)
 s - a +2 dagger of holy wrath
Missiles
 d - 2 throwing nets (quivered)
 e - a javelin
Armour
 b - a +0 leather armour (worn)
 c - a +0 helmet (worn)
 h - a +2 robe of the Archmagi
Scrolls
 i - a scroll of identify {unknown}
 k - a scroll of vulnerability {unknown}
 l - a scroll of noise {unknown}
 m - a scroll of teleportation {unknown}
 o - a scroll of fog {unknown}
 q - 3 scrolls of acquirement {unknown}
 r - a scroll of torment {unknown}
 t - a scroll of magic mapping {unknown}
 u - a scroll of poison {unknown}
Potions
 f - a potion of invisibility {unknown}
 g - 2 potions of heal wounds
 j - a potion of flight {unknown}
 n - a potion of berserk rage {unknown}
 p - 2 potions of cancellation {unknown}


   Skills:
 - Level 3.3 Fighting
 + Level 4.6 Long Blades
 - Level 2.0 Throwing
 - Level 4.0 Dodging
 - Level 3.0 Stealth


You had 3 spell levels left.
You didn't know any spells.
Your spell library contained the following spells:

 Spells                   Type           Power      Damage    Failure   Level
 Apportation              Tloc           0%         N/A       52%         1
 Necrotise                Necr           0%         1d4       52%         1
 Summon Small Mammal      Summ           0%         N/A       52%         1


Dungeon Overview and Level Annotations

Branches:
Dungeon (3/15)

Altars:

Annotations:
D:3 Ijyb


Innate Abilities, Weirdness & Mutations

((You are very nimble when in or above water. (Stealth+, EV+, Speed+++)))
Your lower body shifts to a powerful aquatic tail in water.


Message History

Ijyb is caught in the net!
Ijyb is lightly wounded.
Ijyb struggles against the net.
Your +2 dagger of holy wrath softly glows with a divine radiance!
s - a +2 dagger of holy wrath (weapon)
Ijyb struggles against the net.
You strike the helpless Ijyb from behind!
You puncture Ijyb!
Ijyb is moderately wounded.
You hit Ijyb but do no damage.
Ijyb is moderately wounded.
Ijyb struggles against the net.
You hit Ijyb.
Ijyb is heavily wounded.
Ijyb struggles against the net.
You hit Ijyb.
Ijyb is heavily wounded.
Ijyb zaps a wand.
The bolt of dispelling energy hits you.
Ijyb struggles against the net.
The net rips apart, and Ijyb comes free!
Your +2 dagger of holy wrath stops glowing.
a - a +0 long sword (weapon)
You barely miss Ijyb.
Ijyb is heavily wounded.
Ijyb barely misses you.
You hit Ijyb but do no damage.
Ijyb is heavily wounded.
Ijyb drinks a potion.
Ijyb is healed!
You closely miss Ijyb. Ijyb misses you.
You closely miss Ijyb.
Ijyb zaps a wand.
The bolt of dispelling energy misses you.
You hit Ijyb but do no damage. Ijyb misses you.
You barely miss Ijyb. Ijyb hits you with a +0 dagger.
You closely miss Ijyb. Ijyb hits you with a +0 dagger.
Ijyb completely misses you.
You hit Ijyb but do no damage. Ijyb closely misses you.
Ijyb zaps a wand.
The bolt of dispelling energy hits you!!
Ouch! That really hurt!
You die...

######## #......#### ####
##.........## ...#
............######...####
.................+.......
######.........###g....$#
######.....###..@.#
....##.....# ####.#
....######## #.# ....#
#.+ ....# ### ....# ....#
....# ....#


You could see Ijyb.

Vanquished Creatures
  An orc priest (D:3)
  An adder (D:2)
  A worm (D:3)
  5 dart slugs
  4 orcs
  3 ball pythons
  3 bats
  4 endoplasms
  3 giant cockroaches (D:1)
  2 hobgoblins
  2 quokkas
  4 frilled lizards
  4 goblins
  3 kobolds
  2 rats (D:1)
42 creatures vanquished.

Notes
Turn   | Place    | Note
-------+----------+-------------------------------------------
     0 | D:1      | Leeroy the Merfolk Gladiator began the quest for the Orb.
     0 | D:1      | Reached XP level 1. HP: 16/16 MP: 1/1
   115 | D:1      | Reached skill level 1 in Stealth
   133 | D:1      | Reached XP level 2. HP: 23/23 MP: 2/2
   266 | D:1      | Found a faded altar of an unknown god.
   434 | D:1      | Reached XP level 3. HP: 28/28 MP: 3/3
  1325 | D:3      | Reached XP level 4. HP: 35/35 MP: 4/4
  2103 | D:3      | Noticed Ijyb
  2125 | D:3      | Killed from afar by Ijyb

Illustrated notes

Levels and vault maps discovered:
D:1:      grunt_arrival_crossed_arrows, layout_basic,
          hellmonk_ecumenical_altar_crossroads, dreamdust_mushroom_princess
D:2:      layout_basic, eino_tiny_chamber
D:3:      kennysheep_goblin_castle, layout_basic, uniq_ijyb, uniq_robin

Skill      XL: |  1  2  3  4 |
---------------+-------------+-----
Stealth        | 1 2 3 |  3.0
Fighting       | 3 |  3.3
Long Blades    | 4 |  4.6
Throwing       | |  2.0
Dodging        | |  4.0

Action                   |  1- 3 |  4- 6 || total
-------------------------+-------+-------++-------
Melee: Long sword        |    96 |    35 ||   131
       Punch             |     1 |       ||     1
       Dagger            |       |     4 ||     4
Throw: Throwing net      |       |     1 ||     1
  Use: Potion            |       |     1 ||     1
 Stab: Sleeping          |     4 |       ||     4
       Held in net/web   |       |     1 ||     1
Armor: Leather armour    |    28 |     5 ||    33
Dodge: Dodged            |    61 |    31 ||    92

Table legend: (Time is in decaauts)
 A = Elapsed time spent in this place.
 B = Non-inter-level travel time spent in this place.
 C = Inter-level travel time spent in this place.
 D = Time resting spent in this place.
 E = Time spent auto-exploring this place.
 F = Levels seen in this place.
 G = Mean time per level.
                   A        B        C        D        E       F      G
               +--------+--------+--------+--------+--------+-----+--------+
         Total |   2153 |   2109 |     44 |    558 |   1203 |   3 |  717.7 |
       Dungeon |   2153 |   2109 |     44 |    558 |   1203 |   3 |  717.7 |
               +--------+--------+--------+--------+--------+-----+--------+

Top non-repeatable levels by time:
     D:2: 1219 daAuts
     D:1: 660 daAuts
     D:3: 274 daAuts
